AoeStats
← nonoleboss

Scandinavia

510368867Analyzed
1v1 RM · 1d ago on Sep 30, 2026· 30m 18s· 2 players
Game mode
Random Map
Map size
Tiny (2 player)
Population
200
Speed
Normal
Resources
Standard
Victory
Conquest
Starting age
Dark Age
Ending age
Imperial Age
RankedLock teamsTeams togetherTeam positionsShared explorationLock speedFull tech treeHidden civsTurbo modeCheats
Victory
Defeat
🇫🇷 Japanese · France
1290
+15
🇲🇽 Berbers · Mexico
1273
-15
ArtTroy2751
6:42 Loom
9:07 Feudal Age
9:45 Double-Bit Axe
19:46 Castle Age
18:20 Gold Mining
18:30 Horse Collar
19:48 Fletching
29:12 Bloodlines
29:02 Husbandry
nonoleboss
8:14 Loom
10:23 Feudal Age
11:36 Double-Bit Axe
12:12 Man-at-Arms
14:17 Horse Collar
15:27 Arson
20:34 Castle Age
18:35 Fletching
18:45 Padded Archer Armor
18:46 Scale Mail Armor
18:56 Forging
21:22 Pikeman
22:03 Squires
21:23 Long Swordsman
21:46 Elite Skirmisher
23:36 Fishing Lines
25:19 Gambesons
26:56 Chain Mail Armor
Connection lost

Rejoining the realm…

Still unreachable

The connection could not be restored.

Session expired

The server has moved on; the page needs a fresh start.